AoeStats
← TheLastAirbender

Arena

508152195Analyzed
1v1 RM · 12d ago on Sep 21, 2026· 53m 19s· 2 players
Game mode
Random Map
Map size
Tiny (2 player)
Population
200
Speed
Normal
Resources
Standard
Victory
Conquest
Starting age
Dark Age
Ending age
Imperial Age
RankedLock teamsTeams togetherTeam positionsShared explorationLock speedFull tech treeHidden civsTurbo modeCheats
Victory
Defeat
🇺🇸 Malians · United States
1042
+15
🇨🇴 Burgundians · Colombia
1021
-15
Anfeos
8:35 Double-Bit Axe
11:20 Feudal Age
13:04 Wheelbarrow
15:47 Castle Age
14:32 Gold Mining
14:24 Horse Collar
14:39 Stone Mining
15:46 Town Watch
15:54 Loom
17:00 Bow Saw
19:36 Heavy Plow
24:45 Crop Rotation
25:26 Gold Shaft Mining
26:11 Arson
30:10 Imperial Age
28:00 Hand Cart
29:25 Padded Archer Armor
29:16 Fletching
29:52 Burgundian Vineyards
30:17 Ballistics
29:38 Treadmill Crane
30:08 Masonry
30:21 Leather Archer Armor
31:55 Chemistry
31:08 Bodkin Arrow
31:34 Masonry
31:20 Murder Holes
32:44 Conscription
33:31 Masonry
34:56 Two-Man Saw
35:51 Architecture
35:42 Bracer
37:50 Husbandry
37:11 Cavalier
38:51 Scale Barding Armor
38:57 Forging
40:12 Paladin
42:48 Chain Barding Armor
43:22 Light Cavalry
48:20 Guilds
48:56 Hussar
51:26 Elite Skirmisher
TheLastAirbender
11:30 Feudal Age
11:59 Loom
17:45 Castle Age
18:03 Double-Bit Axe
18:41 Horse Collar
19:17 Gold Mining
19:19 Stone Mining
19:42 Bow Saw
24:38 Heavy Plow
26:26 Wheelbarrow
29:57 Forging
29:53 Scale Barding Armor
29:51 Scale Mail Armor
33:39 Imperial Age
35:13 Stone Shaft Mining
35:20 Scale Barding Armor
35:51 Iron Casting
36:11 Farimba
37:18 Crop Rotation
37:59 Chain Mail Armor
38:05 Chain Barding Armor
38:06 Bloodlines
37:20 Cavalier
40:07 Plate Mail Armor
43:16 Plate Barding Armor
44:14 Fletching
45:46 Bodkin Arrow
46:39 Padded Archer Armor
52:02 Husbandry
Connection lost

Rejoining the realm…

Still unreachable

The connection could not be restored.

Session expired

The server has moved on; the page needs a fresh start.